 Dungeon Crawl Stone Soup version 0.17-a0-1133-gfb1399f (webtiles) character file.

54 Ladykiller69 the Shield-Bearer (level 4, 3/37 HPs)
             Began as a Formicid Fighter on May 25, 2015.
             Quit the game on level 2 of the Dungeon.
             The game lasted 00:03:34 (1132 turns).

Ladykiller69 the Shield-Bearer (Formicid Fighter)   Turns: 1132, Time: 00:03:35

Health: 3/37       AC:  7    Str: 21    XL:     4   Next: 12%
Magic:  4/4        EV: 13    Int:  8    God:
Gold:   51         SH: 10    Dex: 15    Spells: 0 memorised, 3 levels left

rFire  . . .     SeeInvis +     a - +0 war axe
rCold  . . .     Clarity  .     b - +0 scale mail
rNeg   . . .     SustAt   .     c - +0 shield
rPois  .         Gourm    .     (helmet unavailable)
rElec  .         Spirit   .     (no cloak)
rCorr  .         Warding  .     (no gloves)
rMut   .         Stasis   +     (no boots)
MR     .....                    (no amulet)
Stlth  +.........               (no ring)
                                (no ring)

@: agile, lethally poisoned (3 -> -4), not resistant to hostile enchantments,
very unstealthy
A: permanent stasis, dig shafts and tunnels, four strong arms, antennae 3
a: Dig, Shaft Self


You were on level 2 of the Dungeon.
You were not hungry.

You visited 1 branch of the dungeon, and saw 2 of its levels.

You collected 51 gold pieces.

Inventory:

Hand weapons
 a - a +0 war axe (weapon)
Armour
 b - a +0 scale mail (worn)
 c - a +0 shield (worn)
Scrolls
 h - 2 scrolls of remove curse {unknown}
 i - a scroll of enchant armour {unknown}
 j - a scroll of noise {unknown}
 l - a scroll of blinking {unknown}
 m - a scroll of identify {unknown}
Potions
 d - a potion of might
Comestibles
 e - a bread ration
 f - 2 chunks of flesh


   Skills:
 + Level 3.7 Fighting
 * Level 3.0 Axes
 + Level 3.7 Armour
 + Level 4.0 Shields


You had 3 spell levels left.
You didn't know any spells.

Dungeon Overview and Level Annotations

Branches:
Dungeon (2/15)

Altars:
Yredelemnul


Innate Abilities, Weirdness & Mutations

You are under a permanent stasis effect.
You can dig through walls and to a lower floor.
Your four strong arms can wield two-handed weapons with a shield.
You have a pair of large antennae on your head (SInv).


Message History

You feel sick. The adder barely misses you. The adder barely misses you.
You miss the adder.
* * * LOW HITPOINT WARNING * * *
You feel sick. You block the adder's attack.
Drink which item? (? for menu, Esc to quit)
It was a potion of haste.
Your stasis keeps you stable.
* * * LOW HITPOINT WARNING * * *
You feel sick. The adder bites you.
* * * LOW HITPOINT WARNING * * *
The adder bites you but does no damage.
Drink which item? (? for menu, Esc to quit)
It was a potion of cure mutation.
It has a very clean taste.
* * * LOW HITPOINT WARNING * * *
You feel sick. You block the adder's attack.
Drink which item? (? for menu, Esc to quit)
It was a potion of agility.
You feel agile all of a sudden.
* * * LOW HITPOINT WARNING * * *
You feel sick. You block the adder's attack.
Are you sure you want to abandon this character and quit the game? (Confirm with "yes".)

### ... ..# ####
###.###%...
####.........##....
..%.........#....
#.........#...#
#S###...#...
#@..#.#.#..#
+...#.#.#..#
#...#.#.#..#######
#...#.#...........
+...).........)<..
#...#..........#.#
#...####..###.....
#.....# #.......#.#
###.....#
#..###.....


You could see an adder.

Vanquished Creatures
  A gnoll (D:1)
  2 oozes (D:1)
  A worm (D:2)
  A giant gecko (D:1)
  2 giant cockroaches
  4 hobgoblins
  3 jackals (D:1)
  2 kobolds
  4 bats (D:1)
  4 giant newts
  3 goblins (D:1)
  5 rats
32 creatures vanquished.

Notes
Turn   | Place    | Note
--------------------------------------------------------------
     0 | D:1      | Ladykiller69 the Formicid Fighter began the quest for the Orb.
     0 | D:1      | Reached XP level 1. HP: 18/18 MP: 1/1
     2 | D:1      | Noticed an octopode
     4 | D:1      | Noticed a vine stalker
     4 | D:1      | Noticed an elf
     6 | D:1      | Noticed a spriggan
     8 | D:1      | Noticed a troll
     8 | D:1      | Noticed a centaur
    10 | D:1      | Noticed a demigod
    12 | D:1      | Noticed a vampire
    12 | D:1      | Noticed a dwarf
    14 | D:1      | Noticed a minotaur
    14 | D:1      | Noticed a naga
    16 | D:1      | Noticed a human
    18 | D:1      | Noticed a demonspawn
    20 | D:1      | Noticed a draconian
    20 | D:1      | Noticed a formicid
    22 | D:1      | Noticed a tengu
    22 | D:1      | Noticed a gargoyle
    24 | D:1      | Noticed a felid
    24 | D:1      | Noticed an ogre
    26 | D:1      | Noticed a merfolk
    26 | D:1      | Noticed a ghoul
    62 | D:1      | Reached XP level 2. HP: 13/24 MP: 2/2
   210 | D:1      | Reached XP level 3. HP: 3/29 MP: 3/3
  1081 | D:2      | Reached XP level 4. HP: 33/36 MP: 4/4
  1087 | D:2      | Found a basalt altar of Yredelemnul.
  1096 | D:2      | Reached skill level 4 in Shields
  1132 | D:2      | Quit the game

Vault maps used:
D:1:      kb_arrival_jail
D:2:      lemuel_crystal_altar, lemuel_doored_altar

Action                   |  1- 3 |  4- 6 || total
-------------------------+-------+-------++-------
Melee: War axe           |   102 |    26 ||   128
Throw: Throwing net      |       |     1 ||     1
 Abil: Dig               |     1 |       ||     1
  Use: Potion            |       |     3 ||     3
  Eat: Chunk             |     1 |       ||     1
